Map: Lightshade LE

Players

sereetz - Winner!

  • Race: Terran Terran
  • Spawn Location: 11:00

Massa

  • Race: Terran Terran
  • League: Platinum
  • Spawn Location: 5:00

VOD

Have the link to the VOD?

Description

Time

  • Played on: Jan. 23, 2021, 11:03 a.m.
  • Length: 10:16
Show
View Real Time Build Order
Export as new Build Order

sereetz Terran - Winner!

Build Orders:  

Get SALT Encoding   

  12  0:08  SCV  
  13  0:17  Supply Depot  
  13  0:20  SCV  
  14  0:27  Refinery  
  14  0:32  Refinery  
  14  0:39  SCV  
  15  0:51  SCV  
  15  0:56  Barracks  
  16  1:03  SCV  
  17  1:15  SCV  
  18  1:20  Supply Depot  
  18  1:27  SCV  
  19  1:39  SCV  
  20  1:43  Marine  
  21  1:52  SCV  
  22  2:04  SCV  
  22  2:06  Marine  
  24  2:12  Factory  
  24  2:18  Orbital Command  
  24  2:28  Barracks Reactor  
  24  2:44  SCV  
  25  2:56  SCV  
  25  2:57  Starport, Factory Tech Lab  
  26  3:04  Marine x2  
  28  3:08  SCV  
  29  3:21  SCV  
  29  3:23  Supply Depot  
  30  3:37  Supply Depot  
  30  3:43  SCV  
  30  3:44  Siege Tank  
  30  3:47  Marine  
  35  3:49  Viking x2  
  39  3:59  SCV  
  40  4:09  Supply Depot  
  40  4:11  SCV  
  40  4:16  Siege Tank  
  44  4:19  Viking  
  44  4:34  Marine  
  44  4:37  SCV  
  46  4:47  Liberator  
  46  4:49  Siege Tank  
  46  4:52  Marine  
  53  4:56  Viking  
  55  5:03  Supply Depot  
  55  5:09  Marine  
  56  5:21  Siege Tank  
  53  5:53  Cyclone  
  54  6:06  Engineering Bay  
  54  6:15  Marine  
  54  6:16  Viking x2  
  59  6:25  Hellion  
  61  6:33  Marine  
  62  6:46  Viking, Siege Tank  
  60  7:50  Siege Tank  
  63  7:54  Viking  
  63  7:55  Viking  
  63  8:22  Siege Tank  
  63  8:24  Viking  
  66  8:36  Missile Turret  
  66  8:55  Hellion  
  68  9:14  Viking  
  70  9:26  Missile Turret  
  70  9:30  Hellion, Missile Turret  
  69  9:32  Liberator  
  71  9:46  Missile Turret  
Show
View Real Time Build Order
Export as new Build Order

Massa Terran 

Build Orders:  

Get SALT Encoding   

  12  0:00  SCV  
  13  0:12  SCV  
  14  0:19  Supply Depot  
  14  0:26  SCV  
  15  0:41  SCV  
  15  0:42  Barracks  
  16  0:45  Refinery  
  16  0:53  SCV  
  17  1:05  SCV  
  18  1:17  SCV  
  20  1:33  Orbital Command  
  19  1:40  Command Center  
  19  1:44  Barracks Reactor  
  19  1:57  Supply Depot  
  19  1:58  SCV  
  20  2:10  Factory  
  20  2:22  SCV  
  21  2:29  Marine  
  21  2:30  Marine  
  21  2:34  SCV  
  23  2:46  SCV  
  23  2:47  Marine x2  
  26  2:55  Starport  
  26  2:56  Hellion  
  26  2:58  SCV  
  29  2:59  Orbital Command  
  29  3:05  Marine x2  
  29  3:10  SCV  
  32  3:14  Supply Depot  
  32  3:30  Barracks Tech Lab  
  32  3:34  Hellion x2  
  36  3:42  SCV x2  
  38  3:49  Refinery  
  38  3:55  Hellion x2  
  42  3:57  Banshee  
  45  4:04  SCV x2  
  47  4:10  Barracks Tech Lab, Command Center  
  45  4:33  SCV x2  
  45  4:36  Cloaking Field  
  47  4:45  SCV x2  
  49  4:47  Barracks x2  
  49  4:48  Supply Depot  
  49  4:49  Supply Depot  
  49  4:51  Refinery  
  49  4:54  Engineering Bay  
  49  4:58  Siege Tank  
  52  5:00  Marine  
  52  5:01  Marine  
  54  5:10  Banshee, SCV x2  
  42  5:59  Banshee  
  42  6:00  Siege Tank  
  42  6:01  Marine  
  42  6:02  Marine  
  50  6:06  SCV x2  
  50  6:10  Barracks Tech Lab x2  
  50  6:11  Refinery  
  52  6:16  Supply Depot  
  52  6:17  Missile Turret  
  52  6:18  SCV x2  
  51  6:19  Marine x2  
  53  6:28  Planetary Fortress  
  53  6:30  SCV x2  
  55  6:35  Terran Infantry Weapons Level 1  
  55  6:36  Missile Turret  
  55  6:37  Marine x2  
  55  6:38  Armory  
  55  6:39  Siege Tank  
  60  6:42  SCV x2  
  62  6:54  SCV x2  
  62  6:57  Missile Turret  
  65  7:06  SCV  
  61  7:14  Cyclone  
  54  7:36  SCV  
  50  7:40  Marauder x2  
  53  7:47  Barracks, Viking  
  53  7:48  SCV, Barracks x3  
  50  8:00  SCV  
  50  8:01  Marauder, Marine  
  54  8:12  SCV  
  55  8:18  Marine  
  56  8:22  Marine  
  56  8:24  SCV  
  56  8:36  Starport Reactor, Marine  
  56  8:37  SCV  
  56  8:40  Marine  
  57  8:42  Marine x2  
  57  8:43  Marine x2  
  57  8:46  Combat Shield  
  61  8:54  Marine  
  62  8:57  Marine  
  62  9:00  Marine x3  
  62  9:01  Marine  
  61  9:06  Factory  
  61  9:09  Supply Depot  
  61  9:10  Supply Depot x2  
  61  9:12  Marine  
  61  9:13  Supply Depot  
  61  9:17  Supply Depot  
  62  9:24  Marine  
  62  9:26  SCV  
  62  9:27  Viking  
  52  9:32  Marine x2  
  55  9:38  SCV  
  55  9:57  SCV  
Tags
 
League
Platinum
Matchup
TvT
Race
Terran
Replay Pack
Multiplayer
Spawn Locations
Cross Positions
Add a new tag
Caveats
  • Supply blocks, unpowered buildings, or Contaminate may cause inaccurate times.
  • Supply counts are checked every 10 seconds.